 Dungeon Crawl Stone Soup version 0.27.0-1-g7a089689b8 (webtiles) character file.

Game seed: 10754300658958970509

1986 Descartes the Covert (level 9, 0/43 HPs)
             Began as a Spriggan Delver on Aug 7, 2021.
             Was a Believer of Dithmenos.
             Succumbed to a scorpion's poison
             ... on level 6 of the Dungeon.
             The game lasted 00:17:39 (11726 turns).

Descartes the Covert (Spriggan Delver)             Turns: 11726, Time: 00:17:39

Health: 0/43       AC:  2    Str: 10    XL:     9   Next: 1%
Magic:  10/10      EV: 28    Int: 11    God:    Dithmenos [**....]
Gold:   338        SH:  0    Dex: 20    Spells: 8/8 levels left

rFire    . . .     SeeInvis +   a - +0 short sword
rCold    . . .     Faith    .   (shield restricted)
rNeg     . . .     Spirit   .   r - +0 robe
rPois    .         Reflect  .   (helmet restricted)
rElec    +         Harm     .   (no cloak)
rCorr    .         Rampage  .   (gloves unavailable)
Will     ++...                  (boots unavailable)
Stlth    +++++++...             (no amulet)
HPRegen  0.14/turn              w - ring "Motidghorch" {*Corrode rElec Will+ EV+4 Dex+2}
MPRegen  0.12/turn              (no ring)

@: lethally poisoned (0 -> -9), wreathed by umbra, very quick
A: very small, no large weapons, unfitting armour, see invisible, speed 3
a: Renounce Religion, Shadow Step


You were on level 6 of the Dungeon.
You worshipped Dithmenos.
Dithmenos was pleased with you.
You visited 2 branches of the dungeon, and saw 7 of its levels.

You collected 338 gold pieces.

Inventory:

Hand Weapons
 a - a +0 short sword (weapon)
 b - a +0 hunting sling
 B - a +2 falchion of holy wrath
Missiles
 l - 100 stones (quivered)
 n - 136 arrows
 q - 31 sling bullets
 v - 44 bolts
Armour
 k - a +0 buckler
 r - a +0 robe (worn)
Jewellery
 w - the ring "Motidghorch" (left hand) {*Corrode rElec Will+ EV+4 Dex+2}
   (You found it on level 3 of the Dungeon)

   [ring of evasion]

   EV:        It affects your evasion (+4).
   Dex:       It affects your dexterity (+2).
   rElec:     It insulates you from electricity.
   *Corrode:  It may corrode you when you take damage.
   Will:      It increases your willpower.
 y - a ring of protection from fire
Wands
 g - a wand of digging (17)
Scrolls
 c - a scroll of fog
 d - a scroll of magic mapping
 e - a scroll of fear
 i - 2 scrolls of brand weapon {unknown}
 j - 3 scrolls of identify {unknown}
 o - a scroll of teleportation {unknown}
 x - 2 scrolls of enchant weapon {unknown}
 z - a scroll of amnesia {unknown}
Potions
 f - a potion of haste
 h - 3 potions of curing
 m - a potion of magic {unknown}
 p - a potion of degeneration {unknown}
 s - a potion of brilliance {unknown}
 t - a potion of might
 u - 2 potions of attraction {unknown}
 A - a potion of heal wounds {unknown}
 C - a potion of invisibility {unknown}


   Skills:
 - Level 2.4 Fighting
 * Level 7.4 Short Blades
 * Level 8.8 Dodging
 * Level 11.9 Stealth
 + Level 2.6 Shields


You had 8 spell levels left.
You didn't know any spells.
Your spell library contained the following spells:

 Spells                   Type           Power      Damage    Failure   Level
 Gell's Gravitas          Tloc           0%         N/A       71%         3
 Lesser Beckoning         Tloc           0%         N/A       71%         3
 Teleport Other           Tloc           0%         N/A       71%         3
 Cause Fear               Hex            0%         N/A       98%         4
 Dragon Form              Tmut           0%         N/A       100%        7
 Dragon's Call            Summ           0%         N/A       100%        9


Dungeon Overview and Level Annotations

Branches:
Dungeon (6/15)             Temple (1/1) D:4

Altars:
Ashenzari
Cheibriados
Dithmenos
Elyvilon
Fedhas
Gozag
Hepliaklqana
Makhleb
Nemelex Xobeh
Okawaru
Qazlal
Sif Muna
Trog
Wu Jian
Xom
Yredelemnul
Zin

Shops:
D:3 *


Innate Abilities, Weirdness & Mutations

You are very small and have problems with some larger weapons.
You are too small for most types of armour.
You have supernaturally acute eyesight. (SInv)
You cover ground extremely quickly. (Speed+++)


Message History

The scorpion is severely wounded.
The scorpion misses you.
You hit the scorpion.
The scorpion is severely wounded.
The scorpion stings you!
* * * LOW HITPOINT WARNING * * *
You are lethally poisoned!
The scorpion poisons you!
You barely miss the scorpion.
The scorpion is severely wounded.
* * * LOW HITPOINT WARNING * * *
You feel sick. The scorpion misses you.
You closely miss the scorpion.
The scorpion is severely wounded.
* * * LOW HITPOINT WARNING * * *
You feel sick.
The scorpion stings you but does no damage.
* * * LOW HITPOINT WARNING * * *
You feel sick.
* * * LOW HITPOINT WARNING * * *
You feel sick.
* * * LOW HITPOINT WARNING * * *
You feel sick.
* * * LOW HITPOINT WARNING * * *
You feel sick.
You feel better.
A scorpion is nearby!
You barely miss the scorpion.
The scorpion is severely wounded.
The scorpion stings you.
* * * LOW HITPOINT WARNING * * *
You closely miss the scorpion.
The scorpion is severely wounded.
The scorpion stings you.
* * * LOW HITPOINT WARNING * * *
You are lethally poisoned!
The scorpion poisons you!
* * * LOW HITPOINT WARNING * * *
You feel sick.
You die...

#########
........#####
............#####
..###.......#...#####
#.# #...............##
..###................#
##..........#####....#
....#........s..@....#
##..###.##..#####....#
.....>..##..# ##...#
###...####..# #[[.##
.......s....# #....###
....#.#####.# #......#
###..#.####.# ###..#.#
#.###.....# ###..#.#
#..#.###### #....#.#


You could see a scorpion.

Vanquished Creatures
  Sigmund (D:2)
  An ice beast (D:6)
  2 necrophages (D:4)
  An ogre (D:4)
  2 centaurs (D:6)
  A phantom (D:4)
  Blork the orc (D:6)
  A gnoll sergeant (D:5)
  3 scorpions
  A water moccasin zombie (D:6)
  A wyvern skeleton (D:6)
  3 bullfrog zombies
  3 hounds
  3 orc priests
  2 orc wizards
  6 iguanas
  Natasha (thrice) (D:3)
  A scorpion zombie (D:5)
  A howler monkey zombie (D:5)
  3 gnolls (D:4)
  7 adders
  2 white imps (D:5)
  3 worms
  2 dart slugs
  27 orcs
  4 ball pythons
  12 endoplasms
  5 giant cockroaches
  7 goblins
  7 hobgoblins
  8 jackals
  8 bats
  2 frilled lizards
  2 kobolds (D:1)
  6 rats
142 creatures vanquished.

Notes
Turn   | Place    | Note
-------+----------+-------------------------------------------
     0 | D:5      | Descartes the Spriggan Delver began the quest for the Orb.
     0 | D:5      | Reached XP level 1. HP: 11/11 MP: 2/2
    40 | D:5      | Noticed a hound
    41 | D:5      | Noticed an ogre
    46 | D:5      | Killed a hound
    47 | D:5      | Reached XP level 2. HP: 16/16 MP: 3/3
    47 | D:5      | Reached XP level 3. HP: 19/19 MP: 4/4
   384 | D:4      | Noticed a necrophage
   409 | D:4      | Killed a necrophage
   410 | D:4      | Reached skill level 8 in Stealth
   410 | D:4      | Reached XP level 4. HP: 14/23 MP: 5/5
   634 | D:4      | Noticed a scorpion
   666 | D:2      | Reached XP level 5. HP: 27/27 MP: 6/6
   778 | D:2      | Noticed Sigmund
   785 | D:2      | Killed Sigmund
   786 | D:2      | Reached skill level 5 in Dodging
   786 | D:2      | Reached skill level 9 in Stealth
   786 | D:2      | Reached XP level 6. HP: 32/32 MP: 7/7
   862 | D:2      | Found a shadowy altar of Dithmenos.
   871 | D:2      | Became a worshipper of Dithmenos the Shadowed
  1450 | D:1      | Reached * piety under Dithmenos
  1569 | D:1      | Found a faded altar of an unknown god.
  2415 | D:3      | Noticed Natasha
  2416 | D:3      | Found Veemajif's Assorted Antiques.
  2425 | D:3      | Killed Natasha
  2541 | D:3      | Noticed Natasha
  2578 | D:3      | Killed Natasha
  3113 | D:3      | Noticed Natasha
  3122 | D:3      | Killed Natasha
  3123 | D:3      | Reached skill level 5 in Short Blades
  3385 | D:3      | Identified the ring "Motidghorch" {*Corrode rElec Will+
                  | EV+4 Dex+2}
  3563 | D:4      | Reached ** piety under Dithmenos
  3564 | D:4      | Reached XP level 7. HP: 35/35 MP: 8/8
  3672 | D:4      | Found a staircase to the Ecumenical Temple.
  3691 | D:4      | Reached skill level 1 in Shields
  3853 | Temple   | Entered the Ecumenical Temple
  4424 | D:4      | Reached skill level 10 in Stealth
  6116 | D:5      | Reached XP level 8. HP: 39/39 MP: 9/9
  6524 | D:5      | Found an opulent altar of Gozag.
  7496 | D:5      | Reached skill level 11 in Stealth
  8137 | D:6      | Noticed Blork the orc
  8144 | D:6      | Killed Blork the orc
 11219 | D:6      | Reached XP level 9. HP: 29/43 MP: 10/10
 11310 | D:6      | HP: 1/43 [scorpion (5)]
 11721 | D:6      | HP: 2/43 [poisoned by a scorpion]
 11726 | D:6      | Succumbed to a scorpion's poison

Illustrated notes

Levels and vault maps discovered:
D:1:      enne_arrival_octagon_isle, layout_basic,
          shapermc_ecumenical_altar_mp_vishouse
D:2:      layout_basic, basic_altar, roderic_lattice_a, nrook_loot_triangle,
          minmay_tetromino_i2, uniq_sigmund
D:3:      layout_basic, serial_shops, shop, minivault_5, uniq_natasha
D:4:      layout_loops_corners, minmay_temple_entry_statues_fountains
D:5:      minmay_opposing_rooms, layout_rooms, mainiacjoe_overflow_brackets,
          minivault_11
D:6:      layout_loops_ring, uniq_blork_the_orc
Temple:   nicolae_temple_elliptical

Skill      XL: |  1  2  3  4  5  6  7  8 |
---------------+-------------------------+-----
Dodging        | 3 4 5 6 7 8 |  8.8
Short Blades   | 3 4 5 6 7 |  7.4
Stealth        | 8 9 10 11 | 11.9
Shields        | 1 2 |  2.6
Fighting       | |  2.4

Action                   |  1- 3 |  4- 6 |  7- 9 || total
-------------------------+-------+-------+-------++-------
Melee: Short sword       |    25 |   181 |   674 ||   880
 Fire: Hunting sling     |       |     1 |    29 ||    30
  Use: Potion            |       |       |     1 ||     1
 Stab: Sleeping          |     2 |    39 |    14 ||    55
       Distracted        |       |     2 |     2 ||     4
Armor: Robe              |     1 |     8 |    11 ||    20
Dodge: Dodged            |    17 |   112 |   566 ||   695
